 Dungeon Crawl Stone Soup version 0.26.1-11-gd32895ea62 (webtiles) character file.

Game seed: 18076449792568347476

1705 bnorton916 the Skirmisher (level 9, -1/74 HPs)
             Began as a Formicid Fighter on June 11, 2021.
             Was an Initiate of Gozag.
             Slain by a two-headed ogre
             ... wielding a +0 giant club
              (7 damage)
             ... on level 6 of the Dungeon.
             The game lasted 00:11:48 (6212 turns).

bnorton916 the Skirmisher (Formicid Fighter)        Turns: 6212, Time: 00:11:48

Health: -1/74      AC:  8    Str: 24    XL:     9   Next: 23%
Magic:  9/9        EV: 10    Int:  8    God:    Gozag
Gold:   1113       SH:  4    Dex: 10    Spells: 8/8 levels left

rFire    + . .     SeeInvis +   a - +1 war axe
rCold    + + .     Faith    .   v - +0 buckler
rNeg     . . .     Spirit   .   r - +1 ring mail {rC+}
rPois    .         Reflect  .   (helmet unavailable)
rElec    .         Harm     .   x - scarf {rC+ rF+}
rCorr    +         Rampage  .   (no gloves)
Will     .....                  p - +0 pair of boots (curse)
Stlth    ..........             (no amulet)
HPRegen  0.22/turn              u - ring of resist corrosion
MPRegen  0.11/turn              (no ring)

@: no status effects
A: permanent stasis, dig shafts and tunnels, four strong arms, antennae 3
a: Dig, Shaft Self, Renounce Religion, Potion Petition, Call Merchant, Bribe
Branch


You were on level 6 of the Dungeon.
You worshipped Gozag.
Gozag was most pleased with you.
You visited 2 branches of the dungeon, and saw 8 of its levels.
You also visited: Ossuary.

You collected 1144 gold pieces.
You paid 31 gold pieces to Gozag.

Inventory:

Hand Weapons
 a - a +1 war axe (weapon)
 s - a +1 short sword of draining
Missiles
 m - 9 javelins (quivered)
 q - 15 boomerangs
Armour
 c - a +0 kite shield
 p - a cursed +0 pair of boots (worn)
 r - a +1 ring mail of cold resistance (worn)
 v - a +0 buckler (worn)
 x - a scarf of resistance (worn)
Jewellery
 u - a ring of resist corrosion (left hand)
Wands
 n - a wand of flame (18)
 w - a wand of polymorph (9)
Scrolls
 b - a scroll of identify
 f - 4 scrolls of fog
 h - a scroll of vulnerability
 i - 3 scrolls of noise {unknown}
 t - a scroll of enchant weapon
Potions
 d - a potion of might
 e - 3 potions of brilliance
 g - 5 potions of heal wounds
 j - a potion of flight
 k - 7 potions of curing
 l - 2 potions of berserk rage
 o - 2 potions of magic {unknown}
 z - 2 potions of attraction {unknown}
 A - a potion of lignification
 B - 3 potions of mutation


   Skills:
 + Level 7.9 Fighting
 + Level 6.8 Axes
 - Level 7.3 Armour
 - Level 4.4 Shields


You had 8 spell levels left.
You didn't know any spells.
Your spell library contained the following spells:

 Spells                   Type           Power        Failure   Level
 Magic Dart               Conj           0%           54%         1
 Searing Ray              Conj           0%           67%         2
 Dazzling Flash           Conj/Hex       0%           88%         3
 Fulminant Prism          Conj/Hex       0%           99%         4
 Iskenderun's Mystic Bla  Conj/Tloc      0%           99%         4


Dungeon Overview and Level Annotations

Branches:
Dungeon (7/15)             Temple (1/1) D:6         Ossuary (visited)

Altars:
Cheibriados
Dithmenos
Fedhas
Gozag
Hepliaklqana
Nemelex Xobeh
Qazlal
Uskayaw


Innate Abilities, Weirdness & Mutations

You cannot be hasted, slowed, berserked, paralysed or teleported.
You can dig through walls and to a lower floor.
Your four strong arms can wield two-handed weapons with a shield.
You have a pair of large antennae on your head. (SInv)


Message History

The two-headed ogre hits you with a +0 giant club!
The two-headed ogre hits you with a +0 giant club.
* * * LOW HITPOINT WARNING * * *
Aiming: Polymorph
Press: ? - help, Shift-Dir - straight line, f - two-headed ogre
Aim: a two-headed ogre, wielding two +0 giant clubs (moderately wounded, will become a wind drake, a faun, or an unseen horror, chance to affect: 28%)
The two-headed ogre easily resists.
Aiming: Throw Flame
Press: ? - help, Shift-Dir - straight line, f/p - two-headed ogre
Aim: a two-headed ogre, wielding two +0 giant clubs (moderately wounded, 15% to evade)
The puff of flame misses the two-headed ogre.
The two-headed ogre hits you with a +0 giant club!
* * * LOW HITPOINT WARNING * * *
The two-headed ogre barely misses you.
There is an escape hatch in the ceiling here.
The two-headed ogre hits you with a +0 giant club!
* * * LOW HITPOINT WARNING * * *
The two-headed ogre hits you with a +0 giant club!
You die...
Your body crumbles into a pile of gold.

##..................# #.......
##..............#...#### #.......
......#..###...........# #.......
#####.#.####.##......### ##.....#
.# #...# #..##........###......#
.####...###.#.......##....#.8.#..
.##...........#....##...#........
.##......#..###........###8.>.8..
###......#.##...@...#....#.(....#
###........##.#.O##......##.8.###
......<...###.#..####....####.###
.................# ##....# #...#
.#........####.#.###...######...#
.#.#..##### #.#.#.....## #....##
......# ##.#.#.###..###.##.#
...##.#######......# ##......#.#
..................####.........#


You could see a two-headed ogre.

Vanquished Creatures
  A phantom (D:4)
  An ice beast (D:7)
  3 ogres
  2 centaurs
  2 bullfrogs
  A gnoll sergeant (D:5)
  2 scorpions
  2 centaur zombies (Ossuary)
  3 orc priests
  5 orc wizards
  2 human zombies (Ossuary)
  Jessica (D:2)
  A big kobold zombie (Ossuary)
  5 hound zombies
  A hound skeleton (D:4)
  A howler monkey zombie (D:5)
  3 mummies (Ossuary)
  6 gnolls
  6 adders
  A white imp (D:5)
  2 ufetubi (D:5)
  An ooze (D:5)
  3 adder zombies (Ossuary)
  2 worms
  5 dart slugs
  4 leopard geckos
  23 orcs
  A ball python (D:5)
  7 bats
  7 giant cockroaches
  7 goblins
  4 hobgoblins
  6 jackals
  4 kobolds
  A quokka (D:5)
  5 frilled lizards
  A gnoll zombie (Ossuary)
  6 goblin zombies (Ossuary)
  2 hobgoblin zombies (Ossuary)
  4 jackal zombies (Ossuary)
  3 kobold zombies (Ossuary)
  An orc zombie (Ossuary)
  4 quokka zombies
  10 rats
  2 rat zombies (Ossuary)
164 creatures vanquished.

Notes
Turn   | Place    | Note
-------+----------+-------------------------------------------
     0 | D:1      | bnorton916 the Formicid Fighter began the quest for the
                  | Orb.
     0 | D:1      | Reached XP level 1. HP: 18/18 MP: 1/1
   114 | D:1      | Reached XP level 2. HP: 20/24 MP: 2/2
   368 | D:1      | Reached XP level 3. HP: 28/29 MP: 3/3
   641 | D:2      | Reached XP level 4. HP: 36/37 MP: 4/4
   758 | D:2      | Reached XP level 5. HP: 32/42 MP: 5/5
   925 | D:2      | Found a blossoming altar of Fedhas.
  1045 | D:2      | Found an opulent altar of Gozag.
  1052 | D:2      | Became a worshipper of Gozag Ym Sagoz the Greedy
  1493 | D:2      | Noticed Jessica
  1505 | D:2      | Killed Jessica
  1699 | D:3      | Reached XP level 6. HP: 34/49 MP: 6/6
  1848 | D:3      | Found a stormy altar of Qazlal.
  1850 | D:3      | Noticed an air elemental
  1866 | D:3      | Noticed a water elemental
  1867 | D:3      | Noticed a fire elemental
  2850 | D:4      | Reached skill level 5 in Fighting
  2933 | D:4      | Reached skill level 5 in Armour
  3318 | D:4      | Reached XP level 7. HP: 36/46 MP: 7/7
  3527 | D:4      | You fall into a shaft and drop 3 floors!
  3566 | D:7      | Found a sand-covered staircase.
  3657 | Ossuary  | Entered an ossuary
  3699 | Ossuary  | Reached XP level 8. HP: 58/64 MP: 8/8
  3858 | Ossuary  | Reached skill level 5 in Axes
  4237 | D:7      | Noticed a two-headed ogre
  4313 | D:6      | Found a staircase to the Ecumenical Temple.
  4322 | Temple   | Entered the Ecumenical Temple
  4443 | D:5      | Entered Level 5 of the Dungeon
  4443 | D:5      | Found a sparkling altar of Nemelex Xobeh.
  4443 | D:5      | Found a hide-covered altar of Uskayaw.
  4946 | D:6      | Reached XP level 9. HP: 27/72 MP: 9/9
  5530 | D:5      | Found a snail-covered altar of Cheibriados.
  5586 | D:5      | Found a hazy altar of Hepliaklqana.
  6212 | D:6      | Slain by a two-headed ogre

Illustrated notes

Levels and vault maps discovered:
D:1:      amcnicky_arrival_single_pillar, layout_rooms
D:2:      layout_basic, lemuel_crystal_altar, old_standard_altar, uniq_jessica
D:3:      layout_basic, serial_park_tiny_2, nicolae_qazlal_style_of_elements
D:4:      layout_rooms, minmay_misc_feat_enclosed, minmay_misc_feat_square
D:5:      layout_rooms, chequers_temple_overflow_statue_of_worship,
          overflow_temple_1_default, cheibriados_altar_1
D:6:      layout_rooms, minmay_temple_entry_statues_pillars
D:7:      layout_rooms, nicolae_tso_carved_into_rock, enter_ossuary_1,
          biasface_ghost_orc_armoury, grunt_ministairs_6
Temple:   regret_index_temple_waves

Skill      XL: |  1  2  3  4  5  6  7  8 |
---------------+-------------------------+-----
Shields        | 4 |  4.4
Fighting       | 4 5 7 |  7.9
Armour         | 4 5 6 7 |  7.3
Axes           | 3 4 6 |  6.8

Action                   |  1- 3 |  4- 6 |  7- 9 || total
-------------------------+-------+-------+-------++-------
Melee: War axe           |    81 |   231 |   253 ||   565
       Unarmed           |       |     4 |       ||     4
Throw: Javelin           |       |       |     3 ||     3
 Abil: Dig               |     1 |     5 |     6 ||    12
Evoke: Wand              |       |       |     2 ||     2
  Use: Scroll            |       |     3 |    15 ||    18
 Stab: Distracted        |       |     1 |     1 ||     2
Armor: Scale mail        |    32 |   109 |   101 ||   242
       Ring mail         |       |       |    10 ||    10
Dodge: Dodged            |    26 |   111 |   103 ||   240
Block: Kite shield       |    58 |    14 |       ||    72
       Buckler           |       |    36 |    53 ||    89
